 Dungeon Crawl Stone Soup version 0.27-a0-679-g77a6b55cf3 (webtiles) character file.

Game seed: 13501234654289919132

1626 kae the Ruffian (level 8, -1/86 HPs)
             Began as a Naga Transmuter on Mar 18, 2021.
             Slain by an orc
             ... wielding a +0 falchion
              (2 damage)
             ... on level 6 of the Dungeon.
             The game lasted 00:07:30 (9576 turns).

kae the Ruffian (Naga Transmuter)                   Turns: 9576, Time: 00:07:31

Health: -1/86      AC:  5    Str: 15    XL:     8   Next: 97%
Magic:  13/13      EV: 10    Int: 14    God:
Gold:   330        SH:  0    Dex: 11    Spells: 6/14 levels left

rFire    . . .     SeeInvis +     - Unarmed
rCold    + + +     Faith    .   (shield currently unavailable)
rNeg     . . .     Spirit   .   (armour currently unavailable)
rPois    +         Reflect  .   (helmet currently unavailable)
rElec    .         Harm     .   (cloak currently unavailable)
rCorr    .         Rampage  .   (gloves currently unavailable)
Will     +....                  (no barding)
Stlth    ++........             i - amulet of magic regeneration
HPRegen  0.24/turn              k - ring of wizardry
MPRegen  0.38/turn              l - ring of protection from fire

@: ice-form
A: freezing attack, amphibious, boosted hp, AC +2, large, see invisible,
(deformed body), (poison resistance), (slowness 2), spit poison 1, (naga tail 1)
a: Spit Poison, End Transformation


You were on level 6 of the Dungeon.
You were a creature of crystalline ice.
You visited 1 branch of the dungeon, and saw 6 of its levels.
You also visited: Ossuary.

You collected 382 gold pieces.
You spent 52 gold pieces at shops.

Inventory:

Armour
 a - a +1 robe (melded)
 h - a +0 pair of gloves (melded)
 u - a +0 cloak of stealth (melded)
Jewellery
 i - an amulet of magic regeneration (around neck)
 k - a ring of wizardry (right front paw)
 l - a ring of protection from fire (left front paw)
Scrolls
 c - 2 scrolls of teleportation
 m - a scroll of enchant armour
 o - a scroll of fog
 p - a scroll of enchant weapon
 t - a scroll of magic mapping
Potions
 b - a potion of attraction
 d - 3 potions of lignification {unknown}
 e - 2 potions of haste
 f - 2 potions of heal wounds {unknown}
 g - a potion of cancellation {unknown}
 j - 2 potions of curing
 q - a potion of invisibility {unknown}
 r - 2 potions of might {unknown}
 s - a potion of flight {unknown}


   Skills:
 + Level 3.9 Fighting
 + Level 3.4 Dodging
 + Level 1.6 Stealth
 * Level 6.1 Unarmed Combat
 + Level 3.8 Spellcasting
 * Level 5.6 Transmutations
 * Level 3.1 Ice Magic
 - Level 3.0 Poison Magic


You had 6 spell levels left.
You knew the following spells:

 Your Spells              Type           Power      Damage    Failure   Level
a - Beastly Appendage     Tmut           36%        N/A       1%          1
b - Spider Form           Tmut/Pois      7%         N/A       4%          3
c - Ice Form              Ice/Tmut       14%        N/A       13%         4

Your spell library contained the following spells:

 Spells                   Type           Power      Damage    Failure   Level
 Wereblood                Tmut           18%        N/A       1%          2
 Blade Hands              Tmut           9%         N/A       21%         5
 Confusing Touch          Hex            2%         N/A       24%         3
 Gell's Gravitas          Tloc           1%         N/A       24%         3
 Petrify                  Tmut/Erth      10%        N/A       24%         4
 Yara's Violent Unravell  Hex/Tmut       5%         3d4       52%         5
 Metabolic Englaciation   Hex/Ice        3%         N/A       71%         5


Dungeon Overview and Level Annotations

Branches:
Dungeon (6/15)            Ossuary (visited)
 Temple: D:4-7

Altars:
Ashenzari
Dithmenos
Fedhas
Okawaru
Qazlal
Wu Jian
The Shining One

Shops:
D:3 [   D:5 ?[

Annotations:
D:2 exclusion: gnoll


Innate Abilities, Weirdness & Mutations

You are a creature of crystalline ice.
You have a powerful freezing melee attack.
You are amphibious.
Your maximum health is increased.
Your armour is entirely melded.
You are incapable of wielding weapons or throwing items.
((Your serpentine skin is tough. (AC +2)))
You have supernaturally acute eyesight. (SInv)
((Armour fits poorly on your strangely shaped body.))
((Your system is resistant to poisons. (rPois)))
((You cover ground very slowly.))
You can spit poison.
((You have a snake-like lower body.))


Message History

Found a potion of haste.
Things that are here:
a +0 hand axe; an orc corpse Abil: Spit Poison
Press: ? - help, Q - select action, (/) - cycle Shift-Dir - straight line, f - orc priest
Aim: an orc priest, wielding a +0 hand axe The splash of poison hits the orc priest!
The orc priest is severely wounded.
There are monsters nearby!
You punch the orc priest! You freeze the orc priest.
You kill the orc priest!
You hit the orc warrior but do no damage.
You hit the orc. You freeze the orc.
The orc is severely wounded.
The orc warrior hits you with a +0 mace!
The orc hits you with a +0 falchion.
You hit the orc warrior but do no damage.
You have got your breath back.
The orc warrior hits you with a +0 mace.
The orc hits you with a +0 falchion.
You barely miss the orc warrior.
The orc warrior hits you with a +0 mace.
You punch the orc warrior! You freeze the orc warrior.
The orc warrior is heavily wounded.
The orc closely misses you.
The orc warrior hits you with a +0 mace!!
You barely miss the orc warrior.
The orc warrior is heavily wounded.
The orc hits you with a +0 falchion!
You punch the orc warrior! You freeze the orc warrior.
The orc warrior is severely wounded.
The orc warrior hits you with a +0 mace!
* * * LOW HITPOINT WARNING * * *
The orc barely misses you.
You barely miss the orc warrior.
The orc warrior is severely wounded.
The orc warrior hits you with a +0 mace!
* * * LOW HITPOINT WARNING * * *
The orc hits you with a +0 falchion.
You die...

.... .... ## .... #.##
##8##...# ...#
#####...######## .....
...#8...8#...... ##.....
...##...##!.....#......P
...##...####...oo.......
...##...##.#####Y....#.P
...#8...8#............#
...##...##..............
.#.......##.............
....#.....#.............
.(.##...................
.......................#
..................##....
................... ....


You could see an orc warrior and an orc.

Vanquished Creatures
  Eustachio (D:5)
  An ice beast (D:4)
  An ogre (D:4)
  A phantom (D:5)
  2 elf zombies (Ossuary)
  Blork the orc (D:5)
  2 bullfrogs (D:6)
  3 centaur zombies
  3 human zombies (Ossuary)
  A quasit (D:5)
  2 orc priests
  2 jellies (D:6)
  Crazy Yiuf (D:5)
  A bullfrog skeleton (D:6)
  2 orc wizards
  Natasha (thrice) (D:4)
  2 worker ants
  A hound skeleton (D:5)
  3 mummies (Ossuary)
  Robin (D:2)
  7 gnolls
  3 adders
  2 white imps
  2 oozes
  6 adder zombies
  5 worms
  3 dart slugs
  4 leopard geckos
  16 orcs
  11 bats
  2 giant cockroaches
  2 gnoll zombies (Ossuary)
  11 goblins
  9 hobgoblins
  7 jackals
  6 quokkas
  A ball python (D:2)
  3 frilled lizards
  A giant cockroach zombie (D:5)
  4 goblin zombies (Ossuary)
  7 hobgoblin zombies (Ossuary)
  A jackal skeleton (D:4)
  10 kobolds
  6 kobold zombies (Ossuary)
  2 orc zombies (Ossuary)
  3 quokka zombies (Ossuary)
  8 rats
176 creatures vanquished.

Notes
Turn   | Place    | Note
-------+----------+-------------------------------------------
     0 | D:1      | kae the Naga Transmuter began the quest for the Orb.
     0 | D:1      | Reached XP level 1. HP: 18/18 MP: 3/3
   372 | D:1      | Reached XP level 2. HP: 25/25 MP: 5/5
   958 | D:1      | Reached XP level 3. HP: 31/31 MP: 4/6
  1498 | D:2      | Found a blossoming altar of Fedhas.
  1776 | D:2      | Found an ornate altar of the Wu Jian Council.
  1796 | D:2      | Reached XP level 4. HP: 27/39 MP: 7/7
  1977 | D:2      | Noticed Robin
  1991 | D:2      | Killed Robin
  2276 | D:2      | Learned a level 3 spell: Spider Form
  3028 | D:2      | Reached XP level 5. HP: 36/45 MP: 4/8
  3188 | D:2      | Reached skill level 1 in Poison Magic
  3230 | D:2      | Found a glowing golden altar of the Shining One.
  3323 | D:3      | Reached skill level 4 in Unarmed Combat
  3945 | D:3      | Found a stormy altar of Qazlal.
  3977 | D:3      | Found Wisim's Antique Armour Boutique.
  4230 | D:3      | Found a shadowy altar of Dithmenos.
  4653 | D:4      | Noticed Natasha
  4659 | D:4      | Killed Natasha
  4660 | D:4      | Reached XP level 6. HP: 52/52 MP: 5/9
  4695 | D:4      | Found an iron altar of Okawaru.
  5192 | D:4      | Noticed Natasha
  5202 | D:4      | Killed Natasha
  5659 | D:4      | Noticed an ice beast
  5666 | D:4      | Killed an ice beast
  5667 | D:4      | Reached XP level 7. HP: 43/61 MP: 8/11
  5732 | D:4      | Noticed Natasha
  5741 | D:4      | Killed Natasha
  6068 | D:5      | Entered Level 5 of the Dungeon
  6145 | D:5      | Noticed Blork the orc
  6156 | D:5      | Killed Blork the orc
  6194 | D:5      | Found a sand-covered staircase.
  6205 | Ossuary  | Entered an ossuary
  6332 | Ossuary  | Learned a level 4 spell: Ice Form
  6366 | Ossuary  | Reached skill level 5 in Unarmed Combat
  6715 | Ossuary  | Reached skill level 1 in Ice Magic
  6993 | Ossuary  | Reached XP level 8. HP: 61/69 MP: 9/12
  7661 | D:5      | Found Myen Roo's Armour Emporium.
  7746 | D:5      | Found a runed translucent door.
  7747 | D:5      | Noticed Crazy Yiuf
  8016 | D:5      | Reached skill level 5 in Transmutations
  8056 | D:5      | Noticed Eustachio
  8081 | D:5      | Killed Eustachio
  8561 | D:5      | Found Ipikk's Magic Scroll Boutique.
  8565 | D:5      | Bought a scroll of magic mapping for 52 gold pieces
  8902 | D:5      | Killed Crazy Yiuf
  9127 | D:6      | Reached skill level 6 in Unarmed Combat
  9133 | D:6      | Reached skill level 1 in Stealth
  9352 | D:6      | Found a broken altar of Ashenzari.
  9576 | D:6      | HP: 1/86 [orc warrior/+0 mace (13)]
  9576 | D:6      | Slain by an orc

Illustrated notes

Levels and vault maps discovered:
D:1:      lemuel_arrival_hallway, layout_loops_ring
D:2:      minmay_door_path, layout_loops_ring, fedhas_altar_2,
          nzn_wu_jian_contemplation, nicolae_tso_carved_into_rock, uniq_robin
D:3:      layout_loops_ring, nicolae_dithmenos_shadow_blocks,
          lemuel_round_altar, serial_shops, nicolae_shop_statue_plus,
          dk_vineyard_1
D:4:      minmay_skewed_foursquare, layout_loops_ring, okawaru_trees_2,
          uniq_natasha
D:5:      layout_loops_corners, enter_ossuary_5, serial_shops, shop, shop,
          uniq_eustachio, uniq_crazy_yiuf_cottage, uniq_blork_the_orc
D:6:      layout_cave_pools, lemuel_doored_altar,
          minmay_temple_entry_gardened_gates, corexii_hall_statues_x

Skill      XL: |  1  2  3  4  5  6  7  8 |
---------------+-------------------------+-----
Dodging        | 2 3 |  3.4
Fighting       | 2 3 |  3.9
Transmutations | 3 4 5 |  5.6
Poison Magic   | 1 3 |  3.0
Unarmed Combat | 4 5 6 |  6.1
Spellcasting   | 3 |  3.8
Ice Magic      | 1 3 |  3.1
Stealth        | 1 |  1.6

Action                   |  1- 3 |  4- 6 |  7- 9 || total
-------------------------+-------+-------+-------++-------
Melee: Unarmed           |    72 |   153 |   367 ||   592
       Headbutt          |     8 |     5 |     1 ||    14
       Punch             |     1 |       |     5 ||     6
 Cast: Beastly Appendage |    18 |    29 |     3 ||    50
       Spider Form       |       |    15 |    33 ||    48
       Ice Form          |       |       |     4 ||     4
 Abil: Spit Poison       |    37 |    30 |     6 ||    73
  Use: Scroll            |     5 |     2 |     5 ||    12
       Potion            |       |     2 |       ||     2
 Stab: Sleeping          |       |     2 |       ||     2
Armor: Robe              |    20 |    31 |    23 ||    74
       Skin              |       |     3 |    26 ||    29
Dodge: Dodged            |    47 |   115 |   253 ||   415

Table legend: (Time is in decaauts)
 A = Elapsed time spent in this place.
 B = Non-inter-level travel time spent in this place.
 C = Inter-level travel time spent in this place.
 D = Time resting spent in this place.
 E = Time spent auto-exploring this place.
 F = Levels seen in this place.
 G = Mean time per level.
                   A        B        C        D        E       F      G
               +--------+--------+--------+--------+--------+-----+--------+
         Total |  11080 |  10868 |    212 |    900 |   8457 |   7 | 1582.9 |
       Dungeon |   9666 |   9454 |    212 |    572 |   7654 |   6 | 1611.0 |
       Ossuary |   1413 |   1413 |      0 |    328 |    803 |   1 | 1413.0 |
               +--------+--------+--------+--------+--------+-----+--------+

Top non-repeatable levels by time:
     D:2: 2548 daAuts
     D:5: 1862 daAuts
     D:1: 1645 daAuts
     D:3: 1615 daAuts
 Ossuary: 1413 daAuts
     D:4: 1355 daAuts
     D:6: 639 daAuts
